 Dungeon Crawl Stone Soup version 0.24.0-28-g17ded55e90 (webtiles) character file.

Game seed: 3736171657845870666, levelgen mode: deterministic

198 lepoulpe303 the Scholar of Death (level 5, -1/35 HPs)
             Began as a Demonspawn Necromancer on Nov 12, 2019.
             Was a Follower of Kikubaaqudgha.
             Slain by a hobgoblin (6 damage)
             ... on level 3 of the Dungeon.
             The game lasted 00:10:31 (2746 turns).

lepoulpe303 the Scholar of Death (DsNe)             Turns: 2746, Time: 00:10:32

Health: -1/35      AC:  2    Str:  8    XL:     5   Next: 47%
Magic:  6/10       EV: 13    Int: 17    God:    Kikubaaqudgha [*.....]
Gold:   47         SH:  0    Dex: 14    Spells: 1/10 levels left

rFire    . . .     SeeInvis .   a - +2 dagger (venom)
rCold    . . .     Gourm    .   (no shield)
rNeg     . . .     Faith    .   d - +0 robe
rPois    .         Spirit   .   (no helmet)
rElec    .         Reflect  .   (no cloak)
rCorr    .         Harm     .   (no gloves)
MR       .....                  (no boots)
Stlth    ++........             (no amulet)
HPRegen  0.11/turn              (no ring)
MPRegen  0.12/turn              (no ring)

@: no status effects
A: spiny 1
a: Receive Corpses, Renounce Religion


You were on level 3 of the Dungeon.
You worshipped Kikubaaqudgha.
Kikubaaqudgha was aware of your devotion.
You were not hungry.

You visited 1 branch of the dungeon, and saw 3 of its levels.

You collected 47 gold pieces.

Inventory:

Hand Weapons
 a - a +2 dagger of venom (weapon)
 b - a +0 short sword
Missiles
 Q - 76 stones (quivered)
Armour
 d - a +0 robe (worn)
Jewellery
 h - an uncursed ring of stealth {unknown}
 C - an uncursed ring of resist corrosion
Wands
 k - a wand of paralysis (7)
Scrolls
 c - 3 scrolls of enchant armour {unknown}
 f - 6 scrolls of identify {unknown}
 g - a scroll of random uselessness {unknown}
 j - 2 scrolls of teleportation {unknown}
 n - a scroll of magic mapping {unknown}
Potions
 i - a potion of haste
 l - a potion of flight {unknown}
 m - 2 potions of magic {unknown}
 q - 2 potions of curing
Comestibles
 e - 8 rations
 o - 2 chunks of flesh


   Skills:
 + Level 2.6 Dodging
 + Level 2.7 Stealth
 * Level 3.4 Spellcasting
 * Level 5.6 Necromancy


You had one spell level left.
You knew the following spells:

 Your Spells              Type           Power        Failure   Level  Hunger
a - Pain                  Necr           ###.         1%          1    None
b - Animate Dead          Necr           N/A          17%         4    ####...
x - Vampiric Draining     Necr           ###.......   4%          3    ###....
A - Animate Skeleton      Necr           N/A          1%          1    None

Your spell library contained the following spells:

 Spells                   Type           Power        Failure   Level  Hunger
 Sublimation of Blood     Necr           ###.......   2%          2    ##.....
 Regeneration             Chrm/Necr      ##........   16%         3    ###....


Dungeon Overview and Level Annotations

Branches:
Dungeon (3/15)

Altars:
Gozag
Kikubaaqudgha
Trog
The Shining One

Annotations:
D:3 Grinder, Robin


Innate Abilities, Weirdness & Mutations

You are partially covered in sharp spines.


Message History

You take 2 damage, and have 15/35 hp.
You closely miss the goblin. The goblin barely misses you. Robin misses you.
The hobgoblin closely misses you.
You hit the goblin.
The goblin is poisoned.
The goblin is struck by your spines.
You kill the goblin!
The hobgoblin closely misses you. Robin misses you.
The hobgoblin closely misses you. The hobgoblin hits you.
* * * LOW HITPOINT WARNING * * *
Things that are here:
a +0 dagger; a goblin corpse You take 1 damage, and have 14/35 hp.
The hobgoblin hits your orc skeleton!
Your orc skeleton is destroyed!
You call on the dead to rise...
The dead are walking!
Robin closely misses you. The hobgoblin is struck by your spines.
The hobgoblin hits you with a +0 club!
* * * LOW HITPOINT WARNING * * *
The hobgoblin hits you.
You die...
Kikubaaqudgha rasps: "You have failed me!
Welcome... death!"

......g ##
......$ ##.#
.......
..Z##.......
##..
#.Z#Z......
...
#ZZZ...... #.
#g)# .5 #.g#
.# ##@g# .#
##...## .#
#..#..# .#
#.###.# #.#
#)# #.# ..#
#.####.# #.#
.## #.#.Z..#
#.## ##
#.#Z#### #...
#.#.####.....


You could see Robin, 2 hobgoblins and 6 friendly goblin zombies.

Levels and vault maps discovered:
D:1:      tarquinn_simple_flora_water_e, layout_loops_ring,
          chequers_serial_rivers_micro_c, minmay_tetromino_l2
D:2:      layout_rooms, lemuel_round_altar, kiku_gazebo_garden_becter,
          overflow_temple_1_default, minmay_goblin_kobold_house
D:3:      layout_rooms, lemuel_crystal_altar, uniq_robin, uniq_grinder

Notes
Turn   | Place    | Note
-------+----------+-------------------------------------------
     0 | D:1      | lepoulpe303 the Demonspawn Necromancer began the quest for
                  | the Orb.
     0 | D:1      | Reached XP level 1. HP: 13/13 MP: 3/3
    50 | D:1      | Identified a +0 dagger
    51 | D:1      | Identified a +0 short sword
    70 | D:1      | Identified a +0 club
    72 | D:1      | Identified a +0 dagger
   258 | D:1      | Identified a +2 dagger of venom
   258 | D:1      | Identified an uncursed ring of resist corrosion
   308 | D:1      | Identified a +0 short sword
   444 | D:1      | Gained mutation: You are partially covered in sharp spines.
                  | [demonic ancestry]
   444 | D:1      | Reached XP level 2. HP: 19/19 MP: 3/5
   447 | D:1      | Learned a level 1 spell: Animate Skeleton
   503 | D:1      | Identified a +0 club
   550 | D:1      | Identified a +0 club
   650 | D:1      | Reached skill level 2 in Dodging
   650 | D:1      | Reached skill level 2 in Stealth
   784 | D:1      | Identified a +0 short sword
  1154 | D:2      | Identified a +0 club
  1168 | D:2      | Reached XP level 3. HP: 20/24 MP: 6/6
  1291 | D:2      | Identified a +0 dagger
  1291 | D:2      | Identified a +0 ring mail
  1358 | D:2      | Identified a +0 short sword
  1404 | D:2      | Found a glowing golden altar of the Shining One.
  1533 | D:2      | Identified a +1 dagger of protection
  1533 | D:2      | Identified a +0 robe
  1534 | D:2      | Found an ancient bone altar of Kikubaaqudgha.
  1541 | D:2      | Identified a +0 dagger
  1548 | D:2      | Identified a +0 dagger
  1549 | D:2      | Identified a cursed -1 dagger
  1556 | D:2      | Identified a +0 club
  1558 | D:2      | Identified a +0 club
  1572 | D:2      | Reached skill level 5 in Necromancy
  1581 | D:2      | Became a worshipper of Kikubaaqudgha
  1586 | D:2      | Identified a +0 dagger
  1586 | D:2      | Identified a +0 leather armour
  1589 | D:2      | Identified a +0 dagger
  1593 | D:2      | Identified a +0 dagger
  1665 | D:2      | Identified a +0 club
  1666 | D:2      | Identified a +0 club
  1669 | D:2      | Found an opulent altar of Gozag.
  1826 | D:3      | Identified a +0 dagger
  1831 | D:3      | Identified a +0 club
  1834 | D:3      | Reached XP level 4. HP: 30/30 MP: 8/8
  1849 | D:3      | Learned a level 4 spell: Animate Dead
  1849 | D:3      | Identified a +0 short sword
  1880 | D:3      | Noticed Grinder
  1910 | D:3      | Found a bloodstained altar of Trog.
  1914 | D:3      | Reached skill level 3 in Spellcasting
  1942 | D:3      | Identified a +0 trident
  1942 | D:3      | Identified a +0 chain mail
  1945 | D:3      | Identified a +0 club
  1945 | D:3      | Identified a +0 club
  1945 | D:3      | Identified a +0 dagger
  1945 | D:3      | Identified a +0 robe
  1946 | D:3      | Identified a +1 hand axe of venom
  1946 | D:3      | Identified a +0 morningstar
  1947 | D:3      | Identified a +0 falchion
  1948 | D:3      | Identified a +0 flail
  1953 | D:3      | HP: 5/30 [orc/+1 hand axe of venom (5)]
  1955 | D:3      | Identified a +0 flail
  1957 | D:3      | Identified 3 potions of curing
  1957 | D:3      | Identified a cursed +0 leather armour
  2236 | D:3      | Reached * piety under Kikubaaqudgha
  2236 | D:3      | Identified Kikubaaqudgha's Incunabulum of Dark Magic
                  | (Kikubaaqudgha gifted it to you on level 3 of the Dungeon)
  2236 | D:3      | Received a gift from Kikubaaqudgha
  2242 | D:3      | Learned a level 3 spell: Vampiric Draining
  2252 | D:3      | HP: 5/30 [orc priest/divine providence (13)]
  2500 | D:3      | Reached XP level 5. HP: 14/35 MP: 3/9
  2502 | D:3      | HP: 7/35 [orc wizard/+0 dagger (5)]
  2572 | D:3      | Identified a +0 club
  2683 | D:3      | Identified a +0 dagger
  2719 | D:3      | Identified a +0 dagger
  2719 | D:3      | Identified a +0 club
  2719 | D:3      | Identified a +0 club
  2726 | D:3      | Identified a +0 dagger
  2731 | D:3      | Identified a +0 dagger
  2731 | D:3      | Identified a +0 hunting sling
  2732 | D:3      | Identified a +0 spear
  2732 | D:3      | Identified a +0 animal skin
  2732 | D:3      | Identified a +2 helmet
  2732 | D:3      | Noticed Robin
  2732 | D:3      | Identified a +0 club
  2746 | D:3      | HP: 5/35 [hobgoblin/+0 club[Robin] (9)]
  2746 | D:3      | Slain by a hobgoblin

Table legend:
 A = Turns spent in this place as a percentage of turns spent in the entire game.
 B = Non-inter-level travel turns spent in this place as a percentage of non-inter-level travel turns spent in the entire game.
 C = Inter-level travel turns spent in this place as a percentage of turns spent in this place.
 D = Turns resting spent in this place as a percentage of non-inter-level travel turns spent in this place.
 E = Turns spent auto-exploring this place as a percentage of non-inter-level travel turns spent in this place.
 F = Non-inter-level travel turns spent in this place divided by the number of levels of this place that you've seen.
                   A       B       C       D       E      F
               +-------+-------+-------+-------+-------+----------------------
         Total | 100.0 | 100.0 |   1.1 |  34.4 |  41.1 | 905.0
       Dungeon | 100.0 | 100.0 |   1.1 |  34.4 |  41.1 | 905.0
               +-------+-------+-------+-------+-------+----------------------

Table legend:
 A = Kills in this place as a percentage of kills in entire the game.
 B = Kills by you in this place as a percentage of kills by you in the entire game.
 C = Kills by friends in this place as a percentage of kills by friends in the entire game.
 D = Other kills in this place as a percentage of other kills in the entire game.
 E = Experience gained in this place as a percentage of experience gained in the entire game.
 F = Experience gained in this place divided by the number of levels of this place that you have seen.
                   A       B       C       D       E      F
               +-------+-------+-------+-------+-------+----------------------
         Total | 100.0 | 100.0 | 100.0 |   N/A | 100.0 |  94.7
       Dungeon | 100.0 | 100.0 | 100.0 |   N/A | 100.0 |  94.7
               +-------+-------+-------+-------+-------+----------------------

Skill      XL: |  1  2  3  4 |
---------------+-------------+-----
Dodging        | 2 |  2.6
Stealth        | 2 |  2.7
Necromancy     | 5 |  5.6
Spellcasting   | 3 |  3.4

Action                   |  1- 3 |  4- 6 || total
-------------------------+-------+-------++-------
Melee: Short sword       |    12 |       ||    12
       Dagger            |    60 |    43 ||   103
 Cast: Pain              |    25 |    20 ||    45
       Animate Skeleton  |    12 |       ||    12
       Animate Dead      |       |     5 ||     5
  Use: Potion            |       |     1 ||     1
 Stab: Sleeping          |     5 |     1 ||     6
       Distracted        |       |     1 ||     1
  Eat: Chunk             |     3 |     1 ||     4
       Ration            |       |     1 ||     1
Armor: Robe              |     9 |     8 ||    17
Dodge: Dodged            |    42 |    33 ||    75

Vanquished Creatures
  An orc wizard (D:3)
  2 orc priests (D:3)
  2 adders
  An ooze (D:1)
  A worm (D:3)
  A dart slug (D:2)
  A leopard gecko (D:2)
  4 orcs (D:3)
  2 ball pythons
  5 bats
  3 giant cockroaches (D:3)
  18 goblins
  9 hobgoblins
  17 kobolds
  5 frilled lizards (D:1)
  A jackal skeleton (D:3)
  4 rats
77 creatures vanquished.

Vanquished Creatures (collateral kills)
  A worm (D:2)
  3 goblins
  A kobold (D:2)
5 creatures vanquished.

Grand Total: 82 creatures vanquished
